Map: Abiogenesis LE

Players

DDKKSS - Winner!

  • Race: Zerg Zerg
  • League: Diamond
  • Spawn Location: 5:00

Reia

  • Race: Zerg Zerg
  • League: Diamond
  • Spawn Location: 11:00

VOD

Have the link to the VOD?

Description

Time

  • Played on: April 28, 2018, 8:33 p.m.
  • Length: 5:55
Show
View Real Time Build Order
Export as new Build Order

DDKKSS Zerg - Winner!

Build Orders: Hatch First 

Get SALT Encoding   

  12  0:02  Drone  
  13  0:08  Drone  
  14  0:17  Overlord  
  14  0:44  Hatchery  
  13  0:55  Drone x3  
  16  0:57  Extractor  
  15  1:06  Drone  
  16  1:18  Spawning Pool  
  16  1:24  Drone  
  16  1:27  Drone  
  17  1:40  Drone  
  18  1:48  Drone  
  19  1:57  Drone  
  20  2:07  Metabolic Boost  
  20  2:08  Queen  
  20  2:09  Queen  
  24  2:16  Overlord  
  24  2:25  Zergling x4  
  24  2:27  Zergling x2  
  24  2:29  Zergling x2  
  28  2:34  Zergling x2  
  29  2:37  Zergling x2  
  29  2:39  Zergling x2  
  31  2:53  Drone  
  31  2:54  Drone  
  33  2:58  Zergling x2  
  34  3:10  Drone  
  34  3:11  Overlord, Drone  
  36  3:18  Zergling x2  
  36  3:19  Zergling x2  
  36  3:28  Overlord x3  
  36  3:30  Zergling x6  
  38  3:59  Overlord  
  38  4:00  Roach Warren, Drone x2  
  29  4:40  Roach x12  
  29  4:42  Zergling x2  
  29  4:44  Zergling x4  
  56  4:50  Roach  
  56  4:51  Zergling x2  
  59  4:53  Zergling x2  
  59  4:58  Zergling x2  
  61  5:08  Roach  
  61  5:13  Zergling x2  
  61  5:14  Zergling x10  
  65  5:19  Roach  
  65  5:20  Zergling x2  
  71  5:25  Zergling x2  
  71  5:28  Zergling x2  
  73  5:38  Drone x2  
Show
View Real Time Build Order
Export as new Build Order

Reia Zerg 

Build Orders: Hatch First 

Get SALT Encoding   

  12  0:02  Drone  
  13  0:13  Overlord  
  13  0:17  Drone  
  14  0:31  Drone x2  
  16  0:36  Drone  
  17  0:55  Hatchery  
  16  0:58  Drone  
  16  1:01  Drone  
  18  1:14  Extractor  
  17  1:20  Spawning Pool  
  17  1:23  Drone  
  17  1:24  Drone  
  18  1:29  Drone  
  19  1:40  Overlord  
  19  2:06  Zergling x4  
  19  2:07  Queen  
  19  2:08  Queen  
  25  2:11  Drone  
  25  2:14  Drone  
  27  2:15  Metabolic Boost  
  27  2:20  Drone  
  27  2:22  Drone  
  29  2:30  Drone  
  29  2:33  Drone  
  31  2:44  Overlord, Baneling Nest  
  30  2:56  Drone  
  30  2:57  Drone x2  
  33  3:02  Drone  
  35  3:05  Zergling x2  
  35  3:13  Overlord  
  35  3:18  Zergling x2  
  35  3:26  Queen  
  35  3:32  Zergling x4  
  35  3:33  Zergling x6  
  40  3:35  Baneling x2  
  40  3:36  Baneling  
  40  3:43  Zergling x2  
  40  3:44  Zergling x4  
  42  3:59  Overlord x2  
  42  4:17  Zergling x4, Queen  
  42  4:34  Zergling x2  
  41  4:39  Hatchery  
  41  4:43  Zergling x2  
  41  4:50  Zergling x2  
  42  5:08  Zergling x2  
  42  5:13  Roach Warren  
  41  5:17  Zergling x2, Evolution Chamber  
  39  5:27  Zergling x6  
Tags
 
Add a new tag
Caveats
  • Supply blocks, unpowered buildings, or Contaminate may cause inaccurate times.
  • Supply counts are checked every 10 seconds.